Map: [ESL] Inside and Out

Players

Astrea - Winner!

  • Race: Protoss Protoss
  • League: Master
  • Spawn Location: 1:00

LiquidClem (Clem)

  • Race: Terran Terran
  • League: Grandmaster
  • Spawn Location: 7:00

Event: HomeStory Cup XXII

VOD

Have the link to the VOD?

Description

Time

  • Played on: Dec. 18, 2022, 10:33 a.m.
  • Length: 20:45

All games in this series

Show
View Real Time Build Order
Export as new Build Order

Astrea Protoss - Winner!

Build Orders: 1 Gate Expand, Blink Stalkers, Zealot Archon, Colossus Rush 

Get SALT Encoding   

  12  0:00  Probe  
  13  0:12  Probe  
  14  0:16  Pylon  
  14  0:24  Probe (Chrono Boost)  
  16  0:35  Gateway  
  16  0:36  Probe (Chrono Boost)  
  16  0:42  Probe (Chrono Boost)  
  16  0:44  Assimilator  
  17  0:51  Probe  
  18  1:03  Probe  
  19  1:15  Probe  
  20  1:20  Nexus  
  20  1:29  Cybernetics Core  
  21  1:32  Probe  
  21  1:37  Assimilator  
  21  1:45  Probe  
  22  1:47  Pylon  
  22  1:57  Probe (Chrono Boost)  
  23  2:03  Adept (Chrono Boost)  
  23  2:05  Warp Gate  
  26  2:09  Probe (Chrono Boost)  
  26  2:13  Twilight Council  
  26  2:16  Probe (Chrono Boost)  
  27  2:23  Probe  
  27  2:25  Stalker (Chrono Boost)  
  30  2:31  Probe  
  30  2:35  Probe  
  32  2:44  Probe  
  33  2:47  Probe  
  33  2:48  Gateway  
  33  2:50  Blink (Chrono Boost)  
  34  2:57  Probe  
  35  2:59  Probe  
  35  3:04  Shield Battery  
  36  3:09  Probe  
  36  3:11  Probe  
  38  3:15  Robotics Facility  
  38  3:21  Probe  
  38  3:24  Probe  
  40  3:27  Pylon  
  40  3:32  Assimilator  
  40  3:34  Assimilator  
  40  3:36  Probe  
  40  3:40  Probe  
  43  3:48  Probe  
  43  3:52  Probe  
  44  4:00  Probe, Stalker x2  
  49  4:04  Observer, Pylon  
  49  4:05  Probe  
  49  4:06  Robotics Bay  
  51  4:12  Probe  
  53  4:17  Probe  
  53  4:24  Probe  
  53  4:25  Stalker x2  
  53  4:30  Pylon  
  59  4:34  Nexus  
  59  4:38  Probe  
  59  4:42  Probe  
  60  4:48  Stalker  
  60  4:50  Probe  
  63  4:53  Colossus (Chrono Boost)  
  63  4:54  Probe  
  70  5:03  Charge  
  70  5:07  Pylon  
  70  5:10  Templar Archives  
  70  5:19  Gateway x2  
  70  5:24  Extended Thermal Lance  
  70  5:25  Probe x2  
  72  5:37  Gateway x2, Probe  
  72  5:42  Colossus (Chrono Boost)  
  73  5:48  Observer  
  73  5:49  Probe x2, High Templar  
  83  5:54  Probe  
  84  6:01  Probe  
  84  6:02  Probe  
  86  6:04  High Templar  
  86  6:07  Probe  
  89  6:14  Forge  
  89  6:17  Archon  
  91  6:18  Pylon x2  
  91  6:24  Pylon  
  89  6:31  Pylon  
  89  6:32  Pylon x2  
  89  6:36  Zealot  
  89  6:37  Zealot x5  
  99  6:53  Warp Prism (Chrono Boost)  
  83  6:57  Nexus  
  83  6:59  Stalker  
  87  7:03  Protoss Ground Weapons Level 1 (Chrono Boost)  
  87  7:06  Probe  
  87  7:07  Probe  
  87  7:19  Probe x2  
  89  7:25  Colossus (Chrono Boost)  
  93  7:36  Probe x2  
  95  7:42  Nexus  
  95  7:44  Sentry  
  95  7:48  Probe  
  98  7:52  Probe  
  99  7:59  High Templar x4  
  99  8:00  Pylon  
  99  8:01  Probe  
  99  8:02  Archon x2  
  99  8:03  Shield Battery  
  99  8:05  Zealot  
  110  8:07  Probe  
  110  8:09  Probe  
  112  8:13  Probe  
  112  8:17  Gateway  
  112  8:18  Gateway  
  112  8:19  Observer  
  114  8:21  Probe  
  114  8:27  Pylon  
  115  8:32  Nexus  
  113  8:36  Probe  
  113  8:38  Probe  
  113  8:40  Stalker x4  
  121  8:43  Colossus (Chrono Boost)  
  121  8:44  Probe  
  128  8:49  Probe  
  129  8:56  Protoss Ground Weapons Level 2 (Chrono Boost)  
  129  9:00  Shield Battery  
  129  9:02  Zealot x2  
  133  9:06  Zealot x4  
  133  9:09  Probe x2  
  139  9:11  Pylon  
  139  9:14  Pylon  
  139  9:17  Probe  
  139  9:19  Robotics Facility  
  139  9:21  Probe  
  141  9:26  Disruptor (Chrono Boost)  
  141  9:30  Stalker x3  
  150  9:35  Pylon  
  148  9:38  Pylon  
  148  9:52  Zealot x5  
  156  9:53  Observer  
  156  9:54  Observer  
  156  9:55  Disruptor  
  156  9:57  Zealot x3  
  159  10:07  Forge  
  159  10:10  Disruptor  
  159  10:13  Zealot x5  
  165  10:23  Photon Cannon  
  165  10:24  Photon Cannon  
  165  10:26  Pylon  
  165  10:31  Disruptor (Chrono Boost), Zealot x3  
  165  10:33  Zealot x2  
  165  10:34  Pylon  
  165  10:35  Stalker  
  179  10:43  Disruptor (Chrono Boost)  
  179  10:45  Stalker x2  
  186  10:53  Zealot x3  
  192  10:58  Protoss Ground Armor Level 1 (Chrono Boost)  
  192  10:59  Zealot x3, Observer (Chrono Boost)  
  192  11:03  Nexus  
  195  11:06  Protoss Ground Weapons Level 3 (Chrono Boost)  
  195  11:12  Observer  
  190  11:21  Stalker x2  
  176  11:36  Disruptor  
  176  11:38  Zealot x6  
  189  11:40  Gateway  
  189  11:41  Probe x4  
  189  11:44  Gateway  
  189  11:45  Gateway  
  193  11:53  Probe  
  192  12:04  Zealot x4  
  199  12:08  Gateway  
  199  12:10  Gateway  
  199  12:27  Disruptor x2 (Chrono Boost)  
  150  12:45  Zealot x11  
  160  12:55  Probe x5  
  160  12:57  Photon Cannon  
  155  12:58  Shield Battery  
  155  13:00  Disruptor (Chrono Boost)  
  155  13:02  Disruptor (Chrono Boost)  
  155  13:03  Protoss Ground Armor Level 2 (Chrono Boost)  
  161  13:07  Probe  
  161  13:11  Nexus  
  157  13:18  Zealot x6  
  157  13:19  Zealot x7  
  183  13:28  Disruptor  
  183  13:32  Disruptor  
  174  13:42  Zealot x10  
  174  13:43  Zealot x3  
  154  14:04  Disruptor  
  154  14:08  Disruptor  
  154  14:09  Zealot x4  
  166  14:10  Zealot x9  
  180  14:23  Probe x2  
  166  14:24  Assimilator  
  166  14:25  Assimilator  
  166  14:31  Zealot x12  
  165  14:39  Disruptor  
  165  14:41  Pylon  
  165  14:42  Zealot  
  165  14:43  Zealot x7, Colossus  
  190  14:57  Assimilator  
  182  15:00  Zealot x5  
  184  15:11  Zealot x7  
  184  15:12  Zealot  
  196  15:15  Disruptor  
  193  15:32  Stalker x4  
  193  15:33  Stalker x2  
  195  15:37  Disruptor  
  195  15:39  Assimilator  
  193  15:50  Nexus  
  193  15:51  Disruptor, Zealot x3  
  193  15:52  Zealot  
  181  16:12  Zealot x5  
  181  16:13  Disruptor (Chrono Boost), Zealot x8  
  198  16:22  Pylon  
  191  16:37  Zealot x4  
  191  16:39  Protoss Ground Armor Level 3 (Chrono Boost)  
  199  16:45  Observer (Chrono Boost)  
  197  16:49  Zealot x3  
  197  16:50  Zealot  
  197  16:52  Zealot x2  
  197  16:53  Zealot  
  200  17:00  Zealot x5  
  190  17:08  Disruptor  
  186  17:28  Zealot x13  
  196  17:44  Disruptor  
  196  17:50  Assimilator  
  197  17:56  Photon Cannon  
  197  17:58  Photon Cannon  
  193  17:59  Shield Battery  
  193  18:00  Zealot x3  
  197  18:06  Zealot  
  197  18:07  Assimilator  
  197  18:11  Photon Cannon  
  197  18:12  Shield Battery  
  181  18:14  Probe, Pylon  
  181  18:15  Stalker x9  
  179  18:21  Disruptor  
  180  18:33  Zealot x2  
  180  18:34  Zealot x2  
  165  18:45  Stalker x9  
  165  18:46  Disruptor (Chrono Boost)  
  180  19:00  Zealot x2  
  180  19:01  Zealot x2  
  174  19:04  Disruptor (Chrono Boost)  
  159  19:15  High Templar x4  
  161  19:17  Zealot x5  
  161  19:18  Disruptor (Chrono Boost)  
  161  19:20  Archon x2  
  172  19:32  Disruptor  
  172  19:37  Zealot x6  
  172  19:38  Zealot x3  
  189  19:47  Disruptor  
  182  19:57  Zealot x4  
  182  19:58  Zealot x9  
  181  20:20  Zealot x9  
  173  20:33  Zealot x8  
  179  20:37  Zealot x5  
Show
View Real Time Build Order
Export as new Build Order

LiquidClem Terran 

Build Orders:  

Get SALT Encoding   

  12  0:00  SCV  
  13  0:12  SCV  
  14  0:16  Supply Depot  
  14  0:24  SCV  
  15  0:38  SCV  
  15  0:39  Barracks  
  16  0:42  Refinery  
  16  0:50  SCV  
  17  1:02  SCV  
  18  1:14  SCV  
  19  1:26  Barracks Reactor, Orbital Command  
  19  1:39  Command Center  
  19  1:49  Supply Depot  
  19  1:51  SCV  
  20  2:02  Marine x2  
  20  2:03  SCV  
  23  2:09  Factory  
  23  2:15  SCV  
  23  2:19  Marine  
  23  2:20  Marine  
  26  2:23  Refinery  
  26  2:28  SCV  
  27  2:37  Marine x2  
  27  2:40  SCV  
  30  2:52  SCV  
  30  2:53  Orbital Command  
  30  2:54  Starport  
  31  3:00  Hellion  
  31  3:04  Hellion  
  35  3:07  SCV  
  35  3:10  Barracks Tech Lab  
  36  3:14  Supply Depot  
  37  3:20  SCV x2  
  37  3:23  Widow Mine  
  37  3:26  Widow Mine  
  42  3:31  Medivac  
  42  3:34  SCV  
  44  3:40  Supply Depot, SCV  
  44  3:46  SCV, Widow Mine  
  44  3:47  Widow Mine  
  49  3:53  SCV, Barracks  
  50  3:58  SCV  
  51  4:04  Starport Tech Lab  
  51  4:05  SCV  
  51  4:06  Barracks  
  52  4:12  SCV  
  52  4:14  Marine x2  
  55  4:17  Siege Tank  
  55  4:19  Supply Depot  
  55  4:21  Engineering Bay  
  55  4:22  SCV  
  59  4:29  SCV  
  58  4:34  SCV, Refinery  
  58  4:35  Marine x2  
  61  4:41  SCV  
  62  4:46  SCV, Stimpack  
  62  4:48  Medivac  
  62  4:52  Siege Tank, Marine  
  68  4:53  Marine  
  68  4:55  Supply Depot  
  70  5:01  Refinery  
  70  5:02  Supply Depot  
  70  5:05  SCV x2, Marine  
  70  5:06  Marine  
  74  5:11  Marauder  
  76  5:17  SCV x2, Terran Infantry Weapons Level 1  
  76  5:18  Supply Depot  
  76  5:29  SCV x2, Marine x2  
  76  5:32  Combat Shield  
  76  5:33  Medivac  
  81  5:36  Marauder  
  81  5:40  Marauder  
  81  5:41  SCV  
  86  5:46  Supply Depot, Factory Reactor  
  84  5:50  Marine x2  
  86  5:57  Marauder  
  88  6:06  Supply Depot, Command Center  
  88  6:07  Marauder  
  91  6:11  SCV  
  91  6:12  Supply Depot  
  91  6:13  SCV  
  91  6:14  Marine  
  91  6:15  Marine  
  94  6:20  Marauder  
  96  6:29  Supply Depot, SCV x2  
  96  6:30  Factory Reactor  
  96  6:31  Marauder  
  96  6:35  Medivac, Marine  
  96  6:36  Marine  
  100  6:45  Marauder  
  100  6:46  Supply Depot  
  99  6:52  SCV, Marauder  
  94  6:54  Medivac  
  94  6:55  Marine x2  
  93  7:02  SCV  
  93  7:04  SCV, Barracks x2  
  89  7:09  Marauder  
  89  7:13  Marine x2  
  89  7:14  SCV  
  90  7:16  SCV, Widow Mine  
  90  7:18  Widow Mine  
  90  7:20  Terran Infantry Armor Level 1  
  90  7:21  Concussive Shells  
  95  7:23  SCV  
  95  7:29  Medivac  
  96  7:30  Medivac  
  96  7:31  SCV x2  
  96  7:35  Orbital Command  
  100  7:37  Marauder  
  100  7:39  Marauder  
  100  7:43  SCV  
  109  7:44  Widow Mine x2  
  109  7:46  Marine x2  
  109  7:48  SCV  
  112  7:57  SCV  
  112  7:58  Marine  
  112  7:59  Barracks Reactor, Barracks Tech Lab  
  112  8:00  SCV  
  112  8:01  Marauder  
  112  8:03  Medivac x2  
  112  8:04  SCV  
  121  8:06  Marine x2  
  121  8:08  Refinery x2  
  121  8:09  SCV  
  124  8:14  Widow Mine x2  
  124  8:16  Marauder  
  124  8:17  Supply Depot  
  124  8:18  SCV x2  
  132  8:20  Marauder  
  132  8:21  SCV, Missile Turret  
  132  8:22  Marauder  
  137  8:33  Armory  
  129  8:35  Engineering Bay, Command Center  
  129  8:37  Marine x3  
  129  8:38  Marauder, Marine  
  129  8:40  Viking  
  135  8:41  Viking  
  135  8:48  Marauder x2  
  141  8:59  Ghost Academy, Marauder  
  141  9:00  Widow Mine x2  
  141  9:01  Supply Depot  
  147  9:03  Marine x4  
  147  9:08  Supply Depot  
  147  9:09  Marauder x2  
  154  9:20  Barracks  
  154  9:21  Viking x2  
  154  9:22  Barracks x2  
  156  9:28  Ghost  
  156  9:30  Supply Depot  
  158  9:32  SCV x2  
  158  9:33  SCV  
  158  9:34  Terran Infantry Weapons Level 2  
  158  9:36  Terran Infantry Armor Level 2  
  158  9:39  Ghost  
  157  9:46  Marine x5  
  162  9:57  Ghost  
  162  9:59  Widow Mine  
  163  10:03  Viking, Ghost  
  163  10:05  Marine x2  
  163  10:06  Marine  
  165  10:07  Ghost  
  165  10:09  SCV  
  165  10:10  SCV x2  
  165  10:13  Barracks Reactor, Barracks Tech Lab x2  
  170  10:16  Viking  
  170  10:21  SCV  
  175  10:22  SCV x2  
  175  10:23  Planetary Fortress  
  175  10:25  Refinery  
  175  10:27  Marauder  
  175  10:28  Refinery  
  179  10:33  SCV, Marauder  
  179  10:34  SCV  
  181  10:35  Starport  
  181  10:37  Marauder  
  181  10:42  Marauder  
  183  10:44  Viking  
  183  10:46  Viking  
  183  10:47  Marauder  
  183  10:49  Marauder  
  189  10:57  Command Center  
  189  11:02  Terran Ship Weapons Level 1  
  188  11:05  Ghost  
  188  11:06  Ghost  
  188  11:10  SCV, Missile Turret  
  187  11:14  Marine  
  187  11:17  Marine x2  
  176  11:18  Marauder x2  
  176  11:19  Viking, Marine  
  176  11:25  Viking  
  168  11:27  SCV  
  168  11:31  Medivac x2  
  168  11:32  Marine  
  169  11:33  Marauder  
  169  11:35  Marauder x2  
  169  11:38  Marine x3  
  178  11:40  Marauder  
  178  11:42  SCV  
  178  11:46  Ghost  
  175  11:54  Ghost  
  175  11:55  Ghost  
  175  11:58  Marauder  
  175  12:00  Medivac, Marine x2  
  184  12:03  Marauder  
  184  12:06  SCV x2  
  184  12:07  SCV  
  189  12:09  Medivac  
  189  12:13  Medivac  
  191  12:16  Marauder, Marine x2  
  191  12:20  Marauder  
  197  12:23  Marauder  
  184  12:32  Marauder  
  184  12:33  Marauder  
  177  12:37  Viking  
  177  12:41  Marauder x2  
  177  12:45  Viking, Marauder  
  177  12:46  Medivac  
  177  12:51  Marine  
  164  12:52  Medivac, Marine x2  
  164  12:53  Marauder  
  164  12:54  Marauder  
  170  12:59  SCV  
  170  13:02  Marauder  
  170  13:03  Terran Infantry Weapons Level 3, Marine x3  
  177  13:05  SCV  
  177  13:08  Marine  
  177  13:09  SCV  
  180  13:12  Medivac  
  180  13:14  Marine x2  
  180  13:18  Refinery  
  180  13:19  Marauder x2  
  188  13:27  Terran Infantry Armor Level 3, Marauder  
  186  13:30  Marine x2  
  186  13:31  Medivac  
  186  13:33  Marauder  
  193  13:34  Marauder  
  193  13:39  Medivac  
  193  13:44  Marine x2  
  193  13:48  Marine x2  
  182  13:50  Ghost  
  172  13:56  Marauder  
  172  13:57  Marauder x2  
  172  13:59  Marauder  
  172  14:02  Marine  
  167  14:05  Marine  
  167  14:08  Medivac, Marine  
  167  14:09  Marine  
  164  14:13  Planetary Fortress  
  164  14:18  Marauder x3  
  164  14:20  Ghost  
  164  14:22  Marine x2  
  153  14:26  Ghost  
  153  14:28  Marine  
  153  14:30  Marine  
  150  14:35  Marine  
  148  14:38  Ghost  
  148  14:41  Marauder  
  148  14:43  SCV  
  153  14:46  Marine x3, Ghost  
  153  14:49  Marine x2  
  143  14:53  Ghost  
  141  15:01  Ghost  
  141  15:04  Marine x2  
  142  15:07  Marine x2  
  142  15:08  Marine  
  142  15:10  Ghost  
  142  15:12  Marine x2  
  147  15:21  SCV  
  147  15:22  Marine  
  147  15:24  Marauder x2  
  152  15:30  Marauder  
  152  15:31  Marauder, Marine  
  152  15:34  SCV  
  152  15:35  SCV  
  152  15:36  SCV  
  152  15:40  SCV x2, Marauder  
  157  15:46  Marine  
  157  15:49  Marauder  
  160  15:51  Liberator  
  160  15:52  Marine  
  160  15:54  Marauder  
  160  15:55  Marine  
  156  15:58  Marauder  
  156  15:59  Marine  
  156  16:01  Marauder  
  160  16:06  Marine x3  
  157  16:13  Viking  
  157  16:14  Marine  
  157  16:15  Marauder x2  
  157  16:16  Marauder  
  162  16:19  Marauder  
  162  16:24  Ghost  
  159  16:35  SCV, Ghost  
  159  16:36  SCV, Marauder, Marine x3  
  159  16:37  Marauder  
  170  16:40  Ghost  
  170  16:41  Marine  
  170  16:43  SCV  
  170  16:45  SCV  
  175  16:49  Marine x2  
  175  16:53  Marauder  
  175  16:54  Marine  
  173  16:58  SCV, Marauder x2  
  162  17:03  SCV  
  162  17:05  SCV, Marauder  
  162  17:06  Marine  
  149  17:09  Marauder  
  149  17:12  Marine  
  149  17:13  SCV  
  149  17:15  Marauder  
  151  17:18  Marine  
  151  17:19  Marauder  
  154  17:23  Viking  
  154  17:24  Marauder  
  154  17:26  Marauder, Marine  
  154  17:28  Orbital Command  
  161  17:32  Marauder  
  161  17:36  Marauder  
  165  17:40  Marine x2  
  165  17:43  Terran Ship Weapons Level 2  
  167  17:44  Liberator  
  170  17:52  Marauder, Marine  
  170  17:53  Marine  
  170  17:57  Marauder  
  176  17:59  Marauder  
  176  18:00  Marine  
  176  18:01  Marauder x2  
  183  18:05  Medivac  
  183  18:06  Medivac  
  183  18:11  Marine  
  178  18:14  Marine x3  
  178  18:16  Marauder  
  176  18:21  Marauder x2, Marine  
  165  18:28  Ghost  
  165  18:30  Marine  
  165  18:32  Marauder  
  154  18:35  Marine  
  154  18:36  Marine x2  
  154  18:37  Marine  
  154  18:38  Marauder  
  157  18:42  Marauder  
  157  18:44  Marine  
  158  18:51  Liberator, Marine  
  158  18:52  Marauder  
  158  18:54  SCV  
  158  18:55  Marine x2  
  167  18:56  Marauder  
  167  18:58  Marauder  
  166  19:03  Marine x2  
  166  19:04  Marine x2  
  166  19:07  Marauder  
  147  19:10  Marine  
  147  19:13  Marauder  
  147  19:14  Marine x2  
  152  19:17  SCV, Marauder  
  152  19:18  SCV x2  
  152  19:19  Marauder  
  152  19:21  Marine  
  152  19:22  Marauder  
  162  19:25  Marine x2  
  162  19:28  Marauder  
  162  19:30  Marine  
  167  19:35  Marauder  
  167  19:38  Ghost  
  169  19:40  Refinery x2, SCV x2  
  169  19:41  SCV  
  169  19:43  Marine  
  171  19:47  Marine  
  163  19:55  Marauder  
  150  20:00  Marauder x2  
  150  20:01  Marine x2  
  150  20:06  Marauder  
  141  20:07  Marauder  
  141  20:10  Marine x2  
  141  20:11  Marine  
  135  20:16  Marauder  
  135  20:17  Marine  
  135  20:19  Marine  
  135  20:20  Marine  
  135  20:21  Marauder  
Tags
 
Add a new tag
Caveats
  • Supply blocks, unpowered buildings, or Contaminate may cause inaccurate times.
  • Supply counts are checked every 10 seconds.